AoeStats
← john.guargu

MegaRandom

506969911Analyzed
4v4 RM · 18d ago on Sep 16, 2026· 59m 33s· 8 players
Game mode
Random Map
Map size
Large (8 player)
Population
200
Speed
Normal
Resources
Standard
Victory
Conquest
Starting age
Dark Age
Ending age
Imperial Age
RankedLock teamsTeams togetherTeam positionsShared explorationLock speedFull tech treeHidden civsTurbo modeCheats
Victory
Defeat
🇺🇸 Bengalis · United States
640
+9
🇺🇸 Portuguese · United States
621
+10
🇺🇸 Inca · United States
580
+11
🇺🇸 Poles · United States
541
+13
🇨🇳 Mongols · China
663
-17
🇺🇸 Persians · United States
496
-11
🇻🇪 Portuguese · Venezuela
460
-10
🇨🇴 Vikings · Colombia
294
-5
vwSUBLiMiNALwv
11:14 Feudal Age
12:30 Wheelbarrow
11:44 Double-Bit Axe
12:54 Man-at-Arms
13:21 Arson
14:17 Gold Mining
22:34 Horse Collar
23:07 Forging
22:59 Scale Mail Armor
28:53 Castle Age
29:44 Hand Cart
29:41 Long Swordsman
30:08 Gambesons
31:13 Bow Saw
31:39 Heavy Plow
31:49 Fishing Lines
32:26 Medium Warships
32:31 Squires
37:45 Gold Shaft Mining
37:01 Stone Mining
38:29 Scale Barding Armor
39:01 Iron Casting
44:04 Imperial Age
45:33 Conscription
45:34 Citadels
47:03 Crop Rotation
bluismer
2:27 Loom
3:30 Loom
11:11 Feudal Age
13:36 Fishing Lines
13:56 Double-Bit Axe
23:44 Castle Age
21:50 Stone Mining
25:22 Pikeman
25:47 Gambesons
28:38 Bow Saw
30:59 Stone Shaft Mining
30:50 Gillnets
33:42 Medium Warships
33:47 Gold Mining
37:28 Ballistics
37:14 Siphons
40:05 Imperial Age
39:17 Elite Skirmisher
41:56 Chemistry
41:27 Halberdier
45:08 Man-at-Arms
53:44 Elite Cannon Galleon
无名之辈2
john.guargu
1:21 Loom
11:41 Feudal Age
15:14 Double-Bit Axe
16:35 Horse Collar
19:09 Gold Mining
23:18 Stone Mining
28:28 Castle Age
PicPlaysGMEs
0:31 Loom
14:33 Feudal Age
16:58 Wheelbarrow
16:43 Double-Bit Axe
17:10 Gold Mining
21:14 Castle Age
20:16 Fletching
20:49 Padded Archer Armor
22:36 Bodkin Arrow
24:11 Ballistics
23:47 Murder Holes
25:22 Bow Saw
25:04 Town Watch
25:06 Fishing Lines
29:16 Clinker Construction
29:39 Gillnets
34:40 Imperial Age
32:14 Horse Collar
33:29 Leather Archer Armor
32:54 Crossbowman
33:32 Arson
33:08 Man-at-Arms
34:15 Heavy Plow
35:15 Forging
35:06 Scale Mail Armor
34:55 Gambesons
36:54 Crop Rotation
36:48 Bracer
37:51 Hand Cart
37:59 Long Swordsman
38:40 Squires
38:33 Two-Handed Swordsman
41:24 Chemistry
40:10 Arrowslits
41:32 Arbalester
43:54 Champion
56:36 Ring Archer Armor
60:09 Medium Warships
Master Suknip
0:53 Loom
10:26 Feudal Age
15:12 Gold Mining
15:03 Horse Collar
15:09 Double-Bit Axe
18:54 Forging
18:45 Scale Mail Armor
24:04 Castle Age
22:40 Wheelbarrow
23:02 Stone Mining
26:17 Hand Cart
26:27 Heavy Plow
28:34 Iron Casting
31:26 Bow Saw
31:52 Gold Shaft Mining
31:59 Stone Shaft Mining
33:18 Gold Shaft Mining
40:33 Coinage
40:35 Chain Mail Armor
53:58 Imperial Age
53:08 Fletching
55:14 Conscription
56:24 Blast Furnace
55:55 Plate Mail Armor
55:21 Bodkin Arrow
57:28 Guilds
57:48 Banking
57:19 Caravan
59:24 Bracer
Wogsy2010
2:53 Loom
15:14 Feudal Age
17:26 Horse Collar
17:37 Double-Bit Axe
19:03 Wheelbarrow
18:23 Gold Mining
21:40 Castle Age
20:17 Stone Mining
21:12 Fletching
22:55 Bow Saw
24:47 Caravan
24:45 Crossbowman
26:30 Heavy Plow
29:54 Treadmill Crane
34:13 Imperial Age
33:45 Ballistics
33:21 Murder Holes
34:08 Hand Cart
35:19 Conscription
37:00 Chemistry
37:22 Stone Shaft Mining
38:09 Arquebus
40:01 Two-Man Saw
40:20 Siege Engineers
42:28 Coinage
42:09 Guilds
43:11 Arbalester
43:56 Thumb Ring
44:37 Banking
44:16 Pikeman
44:41 Arson
44:42 Gambesons
44:17 Man-at-Arms
45:09 Forging
44:59 Scale Mail Armor
45:05 Scale Barding Armor
49:42 Bombard Tower
49:13 Guard Tower
49:17 Elite Organ Gun
54:29 Spies/Treason
56:21 Elite Caravel
57:12 Medium Warships
56:22 Elite Cannon Galleon
56:43 Fishing Lines
59:25 Heavy Warships
|RAZER|Spider
11:10 Feudal Age
10:12 Loom
11:54 Town Watch
12:46 Wheelbarrow
25:22 Forging
25:02 Fletching
25:13 Padded Archer Armor
25:14 Scale Mail Armor
25:52 Double-Bit Axe
26:52 Man-at-Arms
27:18 Arson
34:13 Horse Collar
37:18 Castle Age
36:22 Scale Barding Armor
37:18 Bloodlines
38:03 Long Swordsman
39:20 Hand Cart
39:06 Town Patrol
40:09 Bow Saw
43:31 Squires
42:52 Pikeman
43:53 Szlachta Privileges
43:58 Husbandry
45:18 Iron Casting
44:39 Bodkin Arrow
50:43 Chain Barding Armor
50:39 Chain Mail Armor
50:41 Leather Archer Armor
54:45 Imperial Age
60:12 Medium Warships
Connection lost

Rejoining the realm…

Still unreachable

The connection could not be restored.

Session expired

The server has moved on; the page needs a fresh start.